 Dungeon Crawl Stone Soup version 0.32-a0-614-gd166fa89d2 (webtiles) character file.

Game seed: 6774787302867134455

15505 kae the Severer (level 12, -11/102 HPs)
             Began as a Coglin Gladiator on Mar 5, 2024.
             Was a High Priest of Okawaru.
             Mangled by a komodo dragon (25 damage)
             ... on level 1 of the Lair of Beasts.
             The game lasted 00:07:28 (10653 turns).

kae the Severer (Coglin Gladiator)                 Turns: 10653, Time: 00:07:29

Health: -11/102    AC: 14    Str: 15    XL:     12   Next: 27%
Magic:  15/15      EV: 13    Int:  8    God:    Okawaru [*****.]
Gold:   688        SH:  0    Dex: 20    Spells: 11/11 levels left

rFire   . . .        j - +9 war axe of Exzoil {venom, rC+++}
rCold   + + +        s - +1 hand axe (venom) {Gustavo}
rNeg    . . .        R - +0 acid dragon scales
rPois   .            c - +2 helmet
rElec   .            O - +2 cloak
rCorr   +            l - +0 pair of gloves
SInv    .            (no boots)
Will    .....        (amulet unavailable)
Stlth   +            (ring unavailable)
HPRegen 0.37/turn    (ring unavailable)
MPRegen 0.14/turn    (no gizmo)

%: no passive effects
@: studying Fighting, revving
A: off-hand wielding, slow wielding, warmup strikes, no jewellery
a: Invent Gizmo, Renounce Religion, Heroism, Finesse, Duel


You were on level 1 of the Lair of Beasts.
You worshipped Okawaru.
Okawaru was extremely pleased with you.
You visited 3 branches of the dungeon, and saw 13 of its levels.

You collected 848 gold pieces.
You spent 160 gold pieces at shops.


Innate Abilities, Weirdness & Mutations

You can wield a second weapon in your off-hand.
It takes a long time for you to wield or remove held weapons.
Your first few attacks do less damage.
You cannot equip rings or amulets.


   Skills:
 + Level 12.2 Fighting
 - Level 4.7 Long Blades
 * Level 15.5 Axes
 - Level 1.7 Throwing
 + Level 2.6 Armour
 + Level 3.9 Dodging
 + Level 4.5 Invocations


You had 11 spell levels left.
You didn't know any spells.
Your spell library contained the following spells:

 Spells                   Type           Power      Damage    Failure   Level
 Magic Dart               Conj           0%         1d3       52%         1
 Necrotise                Necr           0%         1d4       52%         1
 Sandblast                Erth           0%         2d4       52%         1
 Blink                    Tloc           0%         N/A       65%         2
 Scorch                   Fire           0%         2d5       65%         2
 Ozocubu's Armour         Ice            0%         N/A       87%         3
 Passwall                 Erth           0%         N/A       87%         3
 Stone Arrow              Conj/Erth      0%         3d7       87%         3
 Vampiric Draining        Necr           0%         2d6       87%         3
 Anguish                  Hex/Necr       0%         N/A       99%         4
 Brom's Barrelling Bould  Conj/Erth      0%         2d3       99%         4
 Cause Fear               Hex            0%         N/A       99%         4
 Flame Wave               Conj/Fire      0%         2d4       99%         4
 Vhi's Electric Charge    Tloc/Air       0%         N/A       99%         4
 Arcjolt                  Conj/Air       0%         1d10      100%        5
 Curse of Agony           Necr           0%         N/A       100%        5
 Fireball                 Conj/Fire      0%         3d3       100%        5
 Metabolic Englaciation   Hex/Ice        0%         N/A       100%        5
 Plasma Beam              Fire/Air       0%         2x1d10    100%        6
 Enfeeble                 Hex            0%         N/A       100%        7
 Call Imp                 Summ           Unusable   N/A       N/A         2
 Martyr's Knell           Necr/Summ      Unusable   N/A       N/A         4
 Sculpt Simulacrum        Ice/Alch       Unusable   N/A       N/A         6
 Summon Cactus Giant      Summ           Unusable   N/A       N/A         6
 Dragon's Call            Summ           Unusable   N/A       N/A         9

Inventory:

Hand Weapons
 a - a +0 heavy long sword {Haoran}
 f - a +0 dagger {Helmut}
 j - the +9 war axe of Exzoil (weapon) {venom, rC+++}
   (You found it on level 2 of the Dungeon)

   rC+++:     It renders you almost immune to cold.
 s - a +1 hand axe of venom (offhand) {Gustavo}
   (You found it on level 3 of the Dungeon)
Missiles
 d - 3 throwing nets (quivered) {=f!f}
 e - 3 javelins
 i - 137 stones
 o - 2 curare-tipped darts {=f}
 w - 15 poisoned darts
 x - 13 boomerangs
 L - 2 datura-tipped darts
 S - 3 atropa-tipped darts
Armour
 b - a +0 leather armour
 c - a +2 helmet (worn)
 l - a +0 pair of gloves (worn)
   (You found it on level 2 of the Dungeon)
 O - a +2 cloak (worn)
   (You found it on level 11 of the Dungeon)
 R - +0 acid dragon scales (worn)
   (You found it on level 10 of the Dungeon)
Jewellery
 g - an amulet of regeneration
   (You found it on level 7 of the Dungeon)
 n - a ring of positive energy
   (You found it on level 9 of the Dungeon)
 v - a ring of see invisible
   (You found it on level 11 of the Dungeon)
 A - an amulet of the acrobat
   (You found it on level 3 of the Dungeon)
 C - a ring of protection from cold
   (You found it on level 1 of the Dungeon)
 G - an amulet of guardian spirit
   (You found it on level 1 of the Dungeon)
 N - a ring of positive energy
   (You found it on level 4 of the Dungeon)
Wands
 m - a wand of warping (7)
   (You found it on level 7 of the Dungeon)
 y - a wand of flame (30)
   (You found it on level 5 of the Dungeon)
 J - a wand of acid (1)
   (You found it on level 8 of the Dungeon)
Scrolls
 p - 2 scrolls of poison {!r}
 q - 2 scrolls of blinking {!r}
 u - a scroll of fear
 I - 2 scrolls of fog
 Q - a scroll of identify {@r1}
 T - a scroll of immolation {!r!r}
Potions
 h - 4 potions of curing {@q1}
 k - 2 potions of haste {@q3}
 r - a potion of cancellation
 t - 3 potions of enlightenment {unknown}
 z - 2 potions of degeneration {!q}
 B - 4 potions of heal wounds {@q2}
 D - a potion of berserk rage {!q}
 E - 3 potions of might
 F - 6 potions of attraction {!q}
 H - 3 potions of brilliance
 K - a potion of ambrosia {unknown}
 M - 2 potions of mutation {!q}
 P - a potion of invisibility

Dungeon Overview and Level Annotations

Branches:
Dungeon (11/15) Zot: 25461  Temple (1/1) D:7 Zot: 5975    Lair (1/5) D:9 Zot: 5222
    Orc (0/2) D:11

Altars:
Ashenzari
Cheibriados
Dithmenos
Elyvilon
Fedhas
Gozag
Hepliaklqana
Kikubaaqudgha
Makhleb
Nemelex Xobeh
Okawaru
Qazlal
Ru
Sif Muna
Trog
Uskayaw
Vehumet
Wu Jian
Xom
Yredelemnul
Zin
The Shining One

Shops:
D:7

! ......# #.##.P#####.
......# ## #.##### #.
...... .# #.# #. ...... ~
.# #.# #. ...... ~ .# #.##
##. ...... #~ .## #.. #..
...... #~ ###..###.# ##.
...... # #~##.#.# #≈.# #.
...... ##.#~~#l@.###≈.##
#. ......
##...~†#l####≈≈..########.
......
#...~≈≈l≈~≈~≈≈≈...........
......
#..##~≈≈≈≈..†.............
......
#~#≈≈#####............
#.... #~~####
#..##........ ... #~
#..#.....#.## #~
#..#.....+... ≈
#..#..÷#÷#...


You could see 2 komodo dragons and an iguana.


Message History

You barely miss the komodo dragon with your +1 hand axe of venom.
The komodo dragon bites you.
You hit the komodo dragon but do no damage.
The komodo dragon looks as sick as possible!
You hit the komodo dragon but do no damage.
The komodo dragon barely misses you. 😕 HP[-3]
You take 3 damage, and now have 99/102 hp.
There are monsters nearby!
You slash the komodo dragon with the +9 war axe of Exzoil!
You kill the komodo dragon!
Okawaru accepts your kill.
You slash the iguana with the +9 war axe of Exzoil!
You barely miss the iguana with your +1 hand axe of venom.
The iguana closely misses you.
You closely miss the iguana with the +9 war axe of Exzoil.
You completely miss the iguana with your +1 hand axe of venom.
You barely miss the iguana with your +1 hand axe of venom.
You slash the iguana with the +9 war axe of Exzoil!
You kill the iguana!
Okawaru accepts your kill.
An iguana comes into view.
You see here a komodo dragon corpse. 😕 HP[+1]
An iguana is nearby!
You completely miss the iguana with the +9 war axe of Exzoil.
You hit the iguana with your +1 hand axe of venom.
The iguana is poisoned.
The iguana barely misses you.
An iguana is nearby!
An iguana is nearby!
An iguana is nearby!
You slash the iguana with the +9 war axe of Exzoil!
You kill the iguana!
Okawaru accepts your kill.
No target in view! 😕 HP[+1]
A frilled lizard comes into view.
The frilled lizard hisses angrily.
You hear an angry hiss.
A frilled lizard comes into view. 😎 HP[+1]
Your hp is fully restored (102).
You enter the shallow water.
Moving in this stuff is going to be slow.
A komodo dragon and a frilled lizard come into view.
The komodo dragon hisses angrily.
The frilled lizard hisses angrily. x2
A frilled lizard and a komodo dragon come into view.
The komodo dragon hisses angrily.
The frilled lizard bites you but does no damage. x2
The komodo dragon moves out of view.
There are monsters nearby!
You slash the frilled lizard with your +1 hand axe of venom!
You kill the frilled lizard!
You hit the frilled lizard with your +1 hand axe of venom.
You kill the frilled lizard!
Your unstable footing causes you to fumble your attack.
You slash the frilled lizard with your +1 hand axe of venom!
You kill the frilled lizard!
A komodo dragon is nearby!
An iguana comes into view.
The frilled lizard closely misses you. The frilled lizard barely misses you.
The komodo dragon bites you! x2
You see here a frilled lizard corpse.
You hit the komodo dragon but do no damage.
The komodo dragon is poisoned.
You hit the frilled lizard with your +1 hand axe of venom.
You kill the frilled lizard!
You completely miss the komodo dragon with your +1 hand axe of venom.
Your unstable footing causes you to fumble your attack. 😕 HP[-20]
You take 20 damage, and now have 82/102 hp.
You slash the komodo dragon with the +9 war axe of Exzoil! x2
The komodo dragon looks as sick as possible!
You hit the komodo dragon with your +1 hand axe of venom.
The komodo dragon looks as sick as possible!
You hit the komodo dragon with your +1 hand axe of venom.
The komodo dragon looks as sick as possible!
The komodo dragon bites you. The komodo dragon closely misses you.
Your unstable footing causes you to fumble your attack. x2
The komodo dragon bites you but does no damage.
The komodo dragon bites you!! 😮 HP[-24]
You take 24 damage, and now have 58/102 hp.
MASSIVE DAMAGE!! (PAUSE)
Your unstable footing causes you to fumble your attack.
You barely miss the komodo dragon with the +9 war axe of Exzoil.
You closely miss the komodo dragon with the +9 war axe of Exzoil.
Unknown command.
The komodo dragon bites you!
* * * LOW HITPOINT WARNING * * *
The komodo dragon bites you!!
* * * LOW HITPOINT WARNING * * *
😱 HP[-36]
You take 36 damage, and now have 22/102 hp.
MASSIVE DAMAGE!! (PAUSE)
The komodo dragon attacks as it pursues you!
The komodo dragon bites you but does no damage.
The komodo dragon bites you!
* * * LOW HITPOINT WARNING * * *
The komodo dragon bites you!!
You die...

Skill      XL: |  1  2  3  4  5  6  7  8  9 10 11 12 |
---------------+-------------------------------------+-----
Long Blades    | 4 |  4.7
Axes           | 2 4 6 7 10 12 13 15 | 15.5
Fighting       | 6 9 11 12 | 12.2
Invocations    | 1 4 |  4.5
Armour         | 1 2 |  2.6
Dodging        | 3 |  3.9
Throwing       | |  1.7

Action                     |  1- 3 |  4- 6 |  7- 9 | 10-12 || total
---------------------------+-------+-------+-------+-------++-------
  Melee: Dagger            |    60 |       |       |       ||    60
         Long sword        |    61 |    24 |       |       ||    85
         War axe           |       |    69 |    99 |   257 ||   425
         Hand axe          |       |    42 |    91 |   221 ||   354
 Invoke: Heroism           |       |       |       |     2 ||     2
    Use: Scroll            |     6 |     5 |     3 |     8 ||    22
         Potion            |       |       |       |     1 ||     1
   Stab: Sleeping          |       |     3 |     1 |     2 ||     6
 Armour: Leather armour    |    40 |    43 |    59 |   128 ||   270
         Acid dragon scale |       |       |       |    57 ||    57
  Dodge: Dodged            |    26 |    43 |    39 |   144 ||   252

Levels and vault maps discovered:
D:1:      roderic_crop_circles_arrival_small, layout_loops_cross,
          nicolae_ecumenical_lake_church
D:2:      layout_basic
D:3:      layout_rooms, nicolae_overflow_ecumenical_swirl,
          mrwooster_statue_mirror
D:4:      layout_loops_ring
D:5:      layout_rooms, kennysheep_cross_room, uniq_grinder
D:6:      layout_loops_ring, mainiacjoe_overflow_boulevard,
          nicolae_houndstooth_variations, uniq_eustachio
D:7:      layout_rooms, minmay_temple_entry_grid, serial_shops,
          nicolae_shop_pleasant_corner_grove, nicolae_eternal_life, st_stairs_5,
          uniq_pikel
D:8:      layout_basic
D:9:      layout_big_octagon, david_lair_generic
D:10:     layout_loops_ring
D:11:     layout_roguey, orc_0_dummy, uniq_erolcha
Temple:   nicolae_temple_bog_church
Lair:1:   lemuel_reptile_caves, layout_chaotic_city

Notes
Turn   | Place    | Note
-------+----------+-------------------------------------------
     0 | D:1      | kae the Coglin Gladiator began the quest for the Orb.
     0 | D:1      | Reached XP level 1. HP: 16/16 MP: 1/1
     0 | D:1      | magus.rc [v1.11.3]
    24 | D:1      | HP: 4/16 [kobold/+0 whip (2)]
   194 | D:1      | Reached XP level 2. HP: 16/22 MP: 2/2
   530 | D:1      | Found a faded altar of an unknown god.
   941 | D:2      | Reached skill level 4 in Long Blades
   969 | D:2      | Reached XP level 3. HP: 20/27 MP: 3/3
  1227 | D:2      | Reached XP level 4. HP: 33/33 MP: 4/4
  1229 | D:2      | Identified the +9 war axe of Exzoil {venom, rC+++}
  1284 | D:2      | You pick up a book of Necromancy and begin reading...
  1284 | D:2      | You add the spells Necrotise, Vampiric Draining, Martyr's
                  | Knell and Curse of Agony to your library.
  1301 | D:2      | You pick up a book of the Dragon and begin reading...
  1301 | D:2      | You add the spells Cause Fear, Fireball and Dragon's Call
                  | to your library.
  1947 | D:3      | Reached skill level 1 in Axes
  2352 | D:3      | Found a faded altar of an unknown god.
  2355 | D:3      | Reached skill level 2 in Axes
  2362 | D:3      | Found a shimmering blue altar of Sif Muna.
  2448 | D:4      | Reached XP level 5. HP: 38/38 MP: 5/5
  2566 | D:4      | Reached skill level 3 in Axes
  2615 | D:4      | You pick up a book of Minor Magic and begin reading...
  2615 | D:4      | You add the spells Magic Dart, Blink and Call Imp to your
                  | library.
  2839 | D:4      | Reached skill level 4 in Axes
  2839 | D:4      | Reached XP level 6. HP: 44/44 MP: 6/6
  2943 | D:4      | You fall into a shaft and drop 2 floors!
  2958 | D:6      | Reached skill level 5 in Axes
  2979 | D:6      | Noticed Eustachio
  2987 | D:6      | Killed Eustachio
  2988 | D:6      | Reached skill level 6 in Axes
  2988 | D:6      | Reached XP level 7. HP: 41/50 MP: 7/7
  2992 | D:5      | Entered Level 5 of the Dungeon
  3086 | D:5      | Noticed Grinder
  3093 | D:5      | Paralysed by Grinder for 2 turns
  3099 | D:5      | Killed Grinder
  3100 | D:5      | Reached skill level 7 in Axes
  3264 | D:5      | Reached XP level 8. HP: 46/56 MP: 8/8
  3343 | D:5      | You pick up a book of Scorching and begin reading...
  3343 | D:5      | You add the spells Scorch, Flame Wave and Summon Cactus
                  | Giant to your library.
  3595 | D:4      | You pick up a book of Geomancy and begin reading...
  3595 | D:4      | You add the spells Sandblast, Passwall, Stone Arrow and
                  | Brom's Barrelling Boulder to your library.
  3796 | D:6      | Reached skill level 8 in Axes
  3932 | D:6      | Found a white marble altar of Elyvilon.
  3939 | D:6      | Reached skill level 9 in Axes
  3967 | D:6      | Noticed a shadow
  3975 | D:6      | Killed a shadow
  4236 | D:6      | You pick up a book of Winter and begin reading...
  4236 | D:6      | You add the spells Ozocubu's Armour, Metabolic Englaciation
                  | and Sculpt Simulacrum to your library.
  4261 | D:6      | Reached skill level 10 in Axes
  4561 | D:6      | Reached XP level 9. HP: 52/61 MP: 9/9
  4658 | D:6      | Identified a scroll of acquirement
  4658 | D:6      | Acquired a manual of Fighting
  4880 | D:7      | Found Agyih's Distillery.
  4884 | D:7      | Bought a potion of might for 64 gold pieces
  4884 | D:7      | Bought a potion of degeneration for 16 gold pieces
  4884 | D:7      | Bought a potion of berserk rage for 80 gold pieces
  4995 | D:7      | Reached skill level 3 in Fighting
  5084 | D:7      | Found a staircase to the Ecumenical Temple.
  5091 | Temple   | Entered the Ecumenical Temple
  5103 | Temple   | Became a worshipper of Warmaster Okawaru
  5267 | D:7      | Noticed Pikel
  5277 | D:7      | Killed Pikel
  5278 | D:7      | Reached skill level 4 in Fighting
  5278 | D:7      | Reached skill level 11 in Axes
  5598 | D:8      | Reached skill level 5 in Fighting
  5601 | D:8      | Reached * piety under Okawaru
  5604 | D:8      | Reached skill level 6 in Fighting
  5606 | D:8      | Reached skill level 12 in Axes
  5758 | D:8      | Reached XP level 10. HP: 58/77 MP: 10/10
  5760 | D:8      | Reached skill level 7 in Fighting
  6209 | D:8      | Reached ** piety under Okawaru
  6211 | D:8      | Reached skill level 8 in Fighting
  6775 | D:9      | Reached skill level 13 in Axes
  6965 | D:9      | Found a staircase to the Lair.
  6965 | D:9      | Noticed an elephant
  6977 | D:9      | Killed an elephant
  6978 | D:9      | Reached skill level 9 in Fighting
  6978 | D:9      | Reached *** piety under Okawaru
  6997 | D:9      | You pick up a book of Lightning and begin reading...
  6997 | D:9      | You add the spells Vhi's Electric Charge, Arcjolt and
                  | Plasma Beam to your library.
  7027 | D:9      | Identified the +0 robe "Celoskoa" {+Inv Will- MP+9 Int+2}
  7312 | D:10     | Entered Level 10 of the Dungeon
  7329 | D:10     | Reached skill level 1 in Invocations
  7514 | D:10     | Killed an unseen horror
  7633 | D:10     | You pick up a book of Hexes and begin reading...
  7633 | D:10     | You add the spells Anguish and Enfeeble to your library.
  7652 | D:10     | Reached **** piety under Okawaru
  7653 | D:10     | Reached XP level 11. HP: 88/90 MP: 12/12
  7664 | D:10     | Reached skill level 14 in Axes
  7819 | D:10     | Reached skill level 10 in Fighting
  7827 | D:10     | Reached skill level 2 in Invocations
  8342 | D:11     | Found a staircase to the Orcish Mines.
  8482 | D:11     | Noticed a manticore
  8489 | D:11     | HP: 22/92 [manticore (3)]
  8490 | D:11     | Killed a manticore
  8787 | D:11     | Noticed a green ugly thing
  8794 | D:11     | Killed a green ugly thing
  8796 | D:11     | HP: 21/92 [poisoned by a green ugly thing]
  8798 | D:11     | HP: 9/92 [poisoned by a green ugly thing]
  8798 | D:11     | HP: 3/92 [something (6)]
  8802 | D:11     | Reached skill level 3 in Invocations
  9054 | D:11     | Reached ***** piety under Okawaru
  9073 | D:11     | Reached skill level 11 in Fighting
  9237 | D:11     | Noticed a two-headed ogre
  9244 | D:11     | Killed a two-headed ogre
  9654 | D:11     | Noticed Erolcha
  9658 | D:11     | Killed Erolcha
  9852 | Lair:1   | Entered Level 1 of the Lair of Beasts
  9857 | Lair:1   | Received a gift from Okawaru
  9858 | Lair:1   | Reached skill level 15 in Axes
  9866 | Lair:1   | Reached skill level 1 in Armour
  9866 | Lair:1   | Reached skill level 3 in Dodging
  9871 | Lair:1   | Reached skill level 4 in Invocations
 10029 | Lair:1   | Reached XP level 12. HP: 82/102 MP: 15/15
 10188 | Lair:1   | Reached skill level 2 in Armour
 10192 | Lair:1   | Reached skill level 12 in Fighting
 10193 | Lair:1   | Received a gift from Okawaru
 10324 | Lair:1   | Found the +5 glaive of the Guard {elec, spectral}
 10652 | Lair:1   | HP: 22/102 [komodo dragon (20)]
 10653 | Lair:1   | Mangled by a komodo dragon

Vanquished Creatures
  Erolcha (D:11)
  A two-headed ogre (D:11)
  Pikel (D:7)
  An ugly thing (D:11)
  A manticore (D:11)
  7 elephants
  A black mamba (Lair:1)
  A cane toad (Lair:1)
  3 unseen horrors
  A komodo dragon (Lair:1)
  A polar bear (Lair:1)
  A troll (D:11)
  Grinder (D:5)
  2 shadows
  2 basilisks (D:9)
  22 yaks
  3 wyverns
  Eustachio (D:6)
  A wraith (D:9)
  4 water moccasins
  4 acid dragons
  3 orc warriors
  2 sky beasts (D:6)
  3 ice beasts (D:6)
  2 lemures (D:7)
  4 kobold brigands
  2 bullfrogs (Lair:1)
  A gnoll sergeant (D:11)
  3 scorpions
  12 wights
  5 howler monkeys
  A bombardier beetle (D:4)
  4 orc priests
  3 hounds
  A jelly (D:6)
  A gnoll bouda (D:7)
  6 iguanas
  2 sleepcaps
  6 orc wizards
  9 gnolls
  2 adders
  A shadow imp (D:7)
  3 white imps
  A ribbon worm (D:2)
  3 dart slugs
  28 orcs
  6 ball pythons
  8 bats
  6 endoplasms
  4 giant cockroaches
  5 goblins
  6 hobgoblins
  7 jackals (D:3)
  3 quokkas
  9 frilled lizards
  26 kobolds
  5 rats
253 creatures vanquished.

Table legend:
 A = Non-vault XP
 B = Vault XP
 C = Vault XP percentage of total XP
 D = Non-vault monster count
 E = Vault monster count
 F = Vault count percentage of total count
                 A         B        C        D         E       F
            +---------+---------+-------+---------+---------+-------
      Total |   18497 |    3654 |  16.5 |     229 |      22 |   8.8
            +---------+---------+-------+---------+---------+-------
        D:1 |      28 |       0 |   0.0 |      16 |       0 |   0.0
        D:2 |      71 |       0 |   0.0 |      15 |       0 |   0.0
        D:3 |      46 |       0 |   0.0 |      26 |       0 |   0.0
        D:4 |     280 |       0 |   0.0 |      24 |       0 |   0.0
        D:5 |     288 |     272 |  48.6 |       4 |       1 |  20.0
        D:6 |    1238 |     196 |  13.7 |      20 |       1 |   4.8
        D:7 |     223 |     765 |  77.4 |       5 |       4 |  44.4
        D:8 |    2459 |       0 |   0.0 |      22 |       0 |   0.0
        D:9 |    1237 |    1086 |  46.7 |      25 |       4 |  13.8
       D:10 |    2592 |       0 |   0.0 |      31 |       0 |   0.0
       D:11 |    3679 |     854 |  18.8 |      19 |       1 |   5.0
     Lair:1 |    6356 |     481 |   7.0 |      22 |      11 |  33.3
            +---------+---------+-------+---------+---------+-------

Skill      XL: |  1  2  3  4  5  6  7  8  9 10 11 12 |
---------------+-------------------------------------+-----
Long Blades    | 4 |  4.7
Axes           | 2 4 6 7 10 12 13 15 | 15.5
Fighting       | 6 9 11 12 | 12.2
Invocations    | 1 4 |  4.5
Armour         | 1 2 |  2.6
Dodging        | 3 |  3.9
Throwing       | |  1.7

Action                     |  1- 3 |  4- 6 |  7- 9 | 10-12 || total
---------------------------+-------+-------+-------+-------++-------
  Melee: Dagger            |    60 |       |       |       ||    60
         Long sword        |    61 |    24 |       |       ||    85
         War axe           |       |    69 |    99 |   257 ||   425
         Hand axe          |       |    42 |    91 |   221 ||   354
 Invoke: Heroism           |       |       |       |     2 ||     2
    Use: Scroll            |     6 |     5 |     3 |     8 ||    22
         Potion            |       |       |       |     1 ||     1
   Stab: Sleeping          |       |     3 |     1 |     2 ||     6
 Armour: Leather armour    |    40 |    43 |    59 |   128 ||   270
         Acid dragon scale |       |       |       |    57 ||    57
  Dodge: Dodged            |    26 |    43 |    39 |   144 ||   252

Illustrated notes

Table legend:
 A = Kills in this place as a percentage of kills in the entire game.
 B = Kills by you in this place as a percentage of kills by you in the entire game.
 C = Kills by friends in this place as a percentage of kills by friends in the entire game.
 D = Other kills in this place as a percentage of other kills in the entire game.
 E = Experience gained in this place as a percentage of experience gained in the entire game.
 F = Experience gained in this place divided by the number of levels of this place that you have seen.
                   A       B       C       D       E      F
               +-------+-------+-------+-------+-------+----------------------
         Total | 100.0 | 100.0 |   N/A |   N/A | 100.0 | 1703.9
       Dungeon |  86.9 |  86.9 |   N/A |   N/A |  69.1 | 1392.2
          Lair |  13.1 |  13.1 |   N/A |   N/A |  30.9 | 6837.0
               +-------+-------+-------+-------+-------+----------------------

Table legend: (Time is in decaauts)
 A = Elapsed time spent in this place.
 B = Non-inter-level travel time spent in this place.
 C = Inter-level travel time spent in this place.
 D = Time resting spent in this place.
 E = Time spent auto-exploring this place.
 F = Levels seen in this place.
 G = Mean time per level.
                   A        B        C        D        E       F      G
               +--------+--------+--------+--------+--------+-----+--------+
         Total |  10596 |  10024 |    572 |    233 |   8499 |  13 |  815.1 |
       Dungeon |   9795 |   9248 |    547 |    233 |   7823 |  11 |  890.5 |
        Temple |     24 |      1 |     23 |      0 |      0 |   1 |   24.0 |
          Lair |    776 |    776 |      0 |      0 |    676 |   1 |  776.0 |
               +--------+--------+--------+--------+--------+-----+--------+

Top non-repeatable levels by time:
    D:11: 1444 daAuts
    D:10: 1032 daAuts
     D:8: 992 daAuts
     D:2: 970 daAuts
     D:6: 951 daAuts
     D:1: 938 daAuts
     D:7: 867 daAuts
  Lair:1: 776 daAuts
     D:4: 733 daAuts
     D:9: 727 daAuts
     D:5: 573 daAuts
     D:3: 564 daAuts
  Temple: 24 daAuts
